 Dungeon Crawl Stone Soup version 0.22.1-1-ga44c0e5 (webtiles) character file.

102 imbaray the Shooter (level 4, -2/35 HPs)
             Began as a Centaur Arcane Marksman on Nov 4, 2018.
             Slain by Sigmund
             ... wielding a +0 scythe
              (7 damage)
             ... on level 3 of the Dungeon.
             The game lasted 00:07:36 (1852 turns).

imbaray the Shooter (Centaur Arcane Marksman)       Turns: 1852, Time: 00:07:37

Health: -2/35      AC:  4    Str: 13    XL:     4   Next: 50%
Magic:  5/5        EV: 10    Int: 12    God:
Gold:   103        SH:  0    Dex: 10    Spells: 2/5 levels left

rFire    . . .     SeeInvis +   j - +0 broad axe
rCold    . . .     Gourm    .   (no shield)
rNeg     . . .     Faith    .   e - +0 robe
rPois    .         Spirit   .   (no helmet)
rElec    .         Reflect  .   (no cloak)
rCorr    .         Harm     .   (no gloves)
MR       .....                  (no barding)
Stlth    +.........             (no amulet)
HPRegen  0.11/turn              (no ring)
MPRegen  0.09/turn              (no ring)

@: very quick
A: large, hooves 3, see invisible, deformed body, speed 2, tough skin 3,
evolution 1
a: no special abilities


You were on level 3 of the Dungeon.
You were not hungry.

You visited 1 branch of the dungeon, and saw 3 of its levels.

You collected 103 gold pieces.

Inventory:

Hand Weapons
 a - a +0 shortbow
 j - a +0 broad axe (weapon)
Missiles
 d - 18 arrows
 l - 21 bolts
Armour
 e - a +0 robe (worn)
 g - a +0 ring mail
Jewellery
 h - an uncursed amulet of faith
Scrolls
 b - a scroll of amnesia {unknown}
 i - 3 scrolls of immolation {unknown}
 k - a scroll of remove curse {unknown}
 m - 2 scrolls of identify {unknown}
 n - a scroll of fog {unknown}
 o - a scroll of enchant weapon {unknown}
Comestibles
 f - 7 rations


   Skills:
 - Level 1.0 Fighting
 * Level 5.8 Bows
 + Level 1.7 Dodging
 + Level 0.1 Stealth
 + Level 1.0 Spellcasting
 + Level 3.0 Hexes


You had 2 spell levels left.
You knew the following spells:

 Your Spells              Type           Power        Failure   Level  Hunger
a - Corona                Hex            #......      9%          1    ##.....
b - Slow                  Hex            #.......     13%         2    ###....

Your spell library contained the following spells:

 Spells                   Type           Power        Failure   Level  Hunger
 Sting                    Conj/Pois      #...         30%         1    ##.....
 Poisonous Vapours        Pois/Air       #.....       41%         2    ###....
 Inner Flame              Hex/Fire       #.......     43%         3    ####...
 Portal Projectile        Hex/Tloc       #.....       43%         3    ####...
 Mephitic Cloud           Conj/Pois/Air  #.......     65%         3    ####...
 Cause Fear               Hex            #.........   65%         4    #####..
 Leda's Liquefaction      Hex/Erth       #.........   85%         4    #####..
 Olgreb's Toxic Radiance  Pois           #.......     96%         4    #####..
 Venom Bolt               Conj/Pois      #.........   100%        5    ######.


Dungeon Overview and Level Annotations

Branches:
Dungeon (3/15)

Altars:

Annotations:
D:3 Sigmund


Innate Abilities, Weirdness & Mutations

You have hooves in place of feet.
Armour fits poorly on your strangely shaped body.
You cover ground very quickly.
You have extremely tough skin. (AC +3)
You have supernaturally acute eyesight. (SInv)
You evolve.


Message History

You bump into the rock wall.
A magic dart appears from out of thin air!
The magic dart hits you!
You bump into the rock wall.
Something hits you.
* * * LOW HITPOINT WARNING * * *
Something hits you.
* * * LOW HITPOINT WARNING * * *
You miss something. Something hits you.
* * * LOW HITPOINT WARNING * * *
You barely miss something. Your kick misses something.
You feel less confused. Something completely misses you.
It was a potion of mutation.
You feel extremely strange.
Your vision sharpens.
Reactivating autopickup.
You feel nature experimenting on you.
Don't worry, failures die fast.
You slash Sigmund! You kick Sigmund, but do no damage.
Sigmund is almost dead.
Sigmund hits you with a scythe!
You die...

.$. #.. ... #.#
##.# ## ..# #..
#.# #.#
#.####.### #.#
#..r@@...# #.#
######.#.# ####.#
#.#.###....#
#.#.##.....######
#.#.##..........†
#.#.........#####
#..........##
############


You could see Sigmund (invisible) and a rat.

Vanquished Creatures
  4 adders
  A worm (D:3)
  2 ball pythons (D:1)
  8 bats
  4 giant cockroaches
  4 goblins
  8 hobgoblins
  7 jackals
  A quokka (D:2)
  5 frilled lizards
  10 kobolds
  6 rats
60 creatures vanquished.

Notes
Turn   | Place    | Note
-------+----------+-------------------------------------------
     0 | D:1      | imbaray the Centaur Arcane Marksman began the quest for the
                  | Orb.
     0 | D:1      | Reached XP level 1. HP: 16/16 MP: 2/2
   125 | D:1      | Reached skill level 3 in Bows
   145 | D:1      | Reached XP level 2. HP: 20/23 MP: 3/3
   780 | D:2      | Reached skill level 4 in Bows
   780 | D:2      | Reached XP level 3. HP: 7/28 MP: 4/4
  1088 | D:2      | Reached skill level 5 in Bows
  1198 | D:2      | Reached XP level 4. HP: 30/35 MP: 5/5
  1273 | D:2      | Learned a level 2 spell: Slow
  1828 | D:3      | Noticed Sigmund
  1851 | D:3      | Gained mutation: You have supernaturally acute eyesight.
                  | (SInv) [potion of mutation]
  1851 | D:3      | Gained mutation: You evolve. [potion of mutation]
  1852 | D:3      | Slain by Sigmund

Skill      XL: |  1  2  3  4 |
---------------+-------------+-----
Bows           | 3 4 5 |  5.8
Hexes          | 3 |  3.0
Fighting       | |  1.0
Dodging        | |  1.7
Stealth        | |  0.1
Spellcasting   | |  1.0

Action                   |  1- 3 |  4- 6 || total
-------------------------+-------+-------++-------
Melee: Short sword       |    30 |       ||    30
       Kick              |     5 |     1 ||     6
       Broad axe         |     1 |     4 ||     5
 Fire: Shortbow          |   142 |    42 ||   184
 Cast: Corona            |       |    11 ||    11
  Use: Potion            |     2 |     1 ||     3
  Eat: Chunk             |       |     2 ||     2
Armor: Robe              |    42 |     6 ||    48
Dodge: Dodged            |    51 |    17 ||    68
